 Dungeon Crawl Stone Soup version 0.30-a0-222-ge547ba4400 (webtiles) character file.

Game seed: 11945885255290507299

88 bande the Covered (level 4, -4/29 HPs)
             Began as a Gargoyle Fighter on Oct 9, 2022.
             Slain by a gnoll
             ... wielding a +0 halberd
              (9 damage)
             ... on level 3 of the Dungeon.
             The game lasted 00:02:30 (1591 turns).

bande the Covered (Gargoyle Fighter)                Turns: 1591, Time: 00:02:31

Health: -4/29      AC: 15    Str: 20    XL:     4   Next: 54%
Magic:  4/4        EV:  5    Int:  8    God:
Gold:   42         SH:  4    Dex: 11    Spells: 3/3 levels left

rFire   . . .      SeeInvis .    a - +0 war axe (spect)
rCold   . . .      Faith    .    c - +0 buckler
rNeg    + . .      Spirit   .    g - +0 plate armour
rPois   ∞          Reflect  .    (no helmet)
rElec   +          Harm     .    (no cloak)
rCorr   .          Rampage  .    (no gloves)
Will    .....                    (no boots)
Stlth   ..........               (no amulet)
HPRegen 0.24/turn                (no ring)
MPRegen 0.09/turn                (no ring)

@: no status effects
A: sickness immunity, AC +3, negative energy resistance 1, electricity
resistance, torment resistance 1, petrification resistance
a: no special abilities


You were on level 3 of the Dungeon.
You visited 1 branch of the dungeon, and saw 3 of its levels.

You collected 42 gold pieces.

Inventory:

Hand Weapons
 a - a +0 spectral war axe (weapon)
Armour
 c - a +0 buckler (worn)
 g - a +0 plate armour (worn)
Potions
 d - a potion of might
 e - a potion of haste
 f - a potion of curing {unknown}
 j - 2 potions of heal wounds
 n - a potion of flight {unknown}


   Skills:
 + Level 3.8 Fighting
 + Level 2.8 Axes
 + Level 4.1 Armour
 + Level 3.7 Shields


You had 3 spell levels left.
You didn't know any spells.
Your spell library contained the following spells:

 Spells                   Type           Power      Damage    Failure   Level
 Call Canine Familiar     Summ           0%         N/A       100%        3
 Portal Projectile        Hex/Tloc       0%         N/A       100%        3
 Leda's Liquefaction      Hex/Erth       0%         N/A       100%        4


Dungeon Overview and Level Annotations

Branches:
Dungeon (3/15)

Altars:


Innate Abilities, Weirdness & Mutations

You are immune to sickness and miasma.
Your stone body is resilient. (AC +3)
You are immune to poison.
You resist negative energy. (rN+)
You are resistant to electric shocks. (rElec)
You are resistant to unholy torment.
You are immune to petrification.


Message History

You kill the orc!
The gnoll hits you from afar with a +0 halberd!
You block the gnoll's attack.
An orc comes into view. It is wielding a +0 club.
You slash the orc!
You kill the orc!
The gnoll hits you from afar with a +0 halberd.
You hit the orc but do no damage. The orc hits you with a +0 short sword.
You block the gnoll's attack. x2; The orc barely misses you.
You completely miss the orc. The orc barely misses you.
The gnoll closely misses you.
You slash the orc!
You kill the orc!
The gnoll barely misses you.
You hit the orc.
The orc is almost dead.
The orc hits you but does no damage.
The gnoll hits you from afar with a +0 halberd.
The orc hits you but does no damage. The gnoll hits you but does no damage.
You barely miss the orc.
The orc is almost dead.
The orc hits you but does no damage.
The gnoll hits you from afar with a +0 halberd.
You are too injured to fight recklessly!
You are too injured to fight recklessly!
You are too injured to fight recklessly!
You are too injured to fight recklessly!
You are too injured to fight recklessly!
You are too injured to fight recklessly!
You are too injured to fight recklessly!
Unknown command.
You hit the orc.
You kill the orc!
The gnoll hits you from afar with a +0 halberd!
* * * LOW HITPOINT WARNING * * *
The orc hits you but does no damage. The gnoll hits you but does no damage.
Unknown command.
You closely miss the orc. You block the orc's attack.
The gnoll hits you from afar with a +0 halberd!
You die...

####.....##......
# #.....##.##.# #
#..#).......#
#...........#
#.)...##)##.###
###.#.##......#
#.#.#####.#.#
#.#.......#.#
#.#########@# #o#


ggg ..... #...... ........ ........#. ##.#.....#.. You could see 3 gnolls and an
orc.

Vanquished Creatures
  2 adders (D:2)
  A worm (D:3)
  2 dart slugs
  6 orcs (D:3)
  6 endoplasms
  2 giant cockroaches
  4 goblins
  5 hobgoblins
  2 jackals (D:2)
  2 kobolds
  2 quokkas
  9 ball pythons
  2 bats
  2 frilled lizards (D:1)
  8 rats
55 creatures vanquished.

Vanquished Creatures (others)
  2 plants (D:3)
2 creatures vanquished.

Grand Total: 57 creatures vanquished

Notes
Turn   | Place    | Note
-------+----------+-------------------------------------------
     0 | D:1      | bande the Gargoyle Fighter began the quest for the Orb.
     0 | D:1      | Reached XP level 1. HP: 14/14 MP: 1/1
    79 | D:1      | Reached XP level 2. HP: 19/19 MP: 2/2
   325 | D:1      | Reached XP level 3. HP: 16/23 MP: 3/3
   914 | D:2      | Reached XP level 4. HP: 29/29 MP: 4/4
   925 | D:2      | Reached skill level 4 in Armour
  1591 | D:3      | Slain by a gnoll

Illustrated notes

Levels and vault maps discovered:
D:1:      roderic_crossed_star, layout_basic
D:2:      layout_basic
D:3:      layout_loops_cross, trog_wizard, portal_sewer_entry_e,
          serial_bayou_pond_c, minmay_misc_feat_hallway, minmay_misc_feat_x

Skill      XL: |  1  2  3  4 |
---------------+-------------+-----
Axes           | 2 |  2.8
Armour         | 4 |  4.1
Fighting       | |  3.8
Shields        | |  3.7

Action                   |  1- 3 |  4- 6 || total
-------------------------+-------+-------++-------
Melee: War axe           |   110 |    59 ||   169
  Use: Scroll            |       |     8 ||     8
Armor: Scale mail        |    44 |       ||    44
       Plate armour      |    36 |    47 ||    83
Dodge: Dodged            |    42 |    21 ||    63
Block: Buckler           |    14 |    14 ||    28

Table legend: (Time is in decaauts)
 A = Elapsed time spent in this place.
 B = Non-inter-level travel time spent in this place.
 C = Inter-level travel time spent in this place.
 D = Time resting spent in this place.
 E = Time spent auto-exploring this place.
 F = Levels seen in this place.
 G = Mean time per level.
                   A        B        C        D        E       F      G
               +--------+--------+--------+--------+--------+-----+--------+
         Total |   1662 |   1616 |     46 |      0 |   1171 |   3 |  554.0 |
       Dungeon |   1662 |   1616 |     46 |      0 |   1171 |   3 |  554.0 |
               +--------+--------+--------+--------+--------+-----+--------+

Top non-repeatable levels by time:
     D:2: 776 daAuts
     D:1: 754 daAuts
     D:3: 131 daAuts
